AoeStats
← AimiX

MegaRandom

504037653Analyzed
2v2 RM · 6d ago on Sep 3, 2026· 39m 50s· 4 players
Game mode
Random Map
Map size
Medium (4 player)
Population
200
Speed
Normal
Resources
Standard
Victory
Conquest
Starting age
Dark Age
Ending age
Imperial Age
RankedLock teamsTeams togetherTeam positionsShared explorationLock speedFull tech treeHidden civsTurbo modeCheats
Victory
Defeat
🇩🇪 Vikings · Germany
1059
+14
🇮🇳 Turks · India
1057
+14
🇩🇪 Koreans · Germany
1024
-14
🇲🇾 Dravidians · Malaysia
1021
-14
findingmontoo7
0:29 Loom
8:51 Feudal Age
9:29 Double-Bit Axe
15:46 Castle Age
13:58 Horse Collar
14:42 Gold Mining
16:47 Fletching
17:33 Bodkin Arrow
18:14 Husbandry
19:50 Padded Archer Armor
20:18 Bow Saw
21:11 Bloodlines
21:35 Ballistics
23:03 Leather Archer Armor
25:40 Wheelbarrow
25:19 Town Watch
27:25 Scale Barding Armor
28:40 Chain Barding Armor
30:26 Hand Cart
35:31 Imperial Age
34:04 Thumb Ring
36:15 Bracer
36:45 Parthian Tactics
36:44 Heavy Cavalry Archer
38:14 Ring Archer Armor
AimiX
9:43 Feudal Age
8:00 Loom
10:12 Man-at-Arms
11:27 Arson
12:55 Horse Collar
21:32 Castle Age
21:49 Fletching
22:00 Scale Mail Armor
22:03 Long Swordsman
22:31 Gambesons
22:59 Double-Bit Axe
23:23 Squires
23:59 Elite Skirmisher
24:55 Forging
26:35 Town Watch
27:33 Chain Mail Armor
33:01 Bow Saw
32:52 Heavy Plow
32:56 Chieftains
38:21 Imperial Age
38:27 Iron Casting
37:48 Bodkin Arrow
38:54 Gold Mining
38:57 Stone Mining
38:45 Two-Handed Swordsman
Derbion12
10:36 Feudal Age
14:41 Gold Mining
15:50 Horse Collar
24:19 Castle Age
22:42 Fletching
24:36 Elite Skirmisher
27:42 Thumb Ring
28:11 Crossbowman
30:49 Bodkin Arrow
33:23 Gold Shaft Mining
JohnnyP
9:11 Loom
10:57 Feudal Age
13:44 Double-Bit Axe
16:19 Castle Age
14:07 Horse Collar
17:56 Thumb Ring
20:20 Fletching
20:31 Padded Archer Armor
21:34 Bodkin Arrow
24:26 Ballistics
25:45 Scale Barding Armor
30:35 Leather Archer Armor
31:28 Gold Mining
32:05 Town Watch
37:15 Stone Mining
37:47 Bow Saw
37:48 Heavy Plow
39:29 Chain Barding Armor
39:12 Town Patrol
39:47 Wheelbarrow
Connection lost

Rejoining the realm…

Still unreachable

The connection could not be restored.

Session expired

The server has moved on; the page needs a fresh start.